 Dungeon Crawl Stone Soup version 0.25.0-1-g7eea58d2a3 (webtiles) character file.

Game seed: 1787375141415903965

31502 Chiseanne the Fighter (level 13, -4/104 HPs)
             Began as a Gnoll Wanderer on June 13, 2020.
             Was an Initiate of Gozag.
             Shot with an arrow by a centaur warrior (13 damage)
             ... on level 13 of the Dungeon.
             The game lasted 00:59:32 (14663 turns).

Chiseanne the Fighter (Gnoll Wanderer)             Turns: 14663, Time: 00:59:33

Health: -4/104     AC: 14    Str: 17    XL:     13   Next: 58%
Magic:  25/25      EV: 17    Int: 16    God:    Gozag
Gold:   1567       SH: 13    Dex: 24    Spells: 26/28 levels left

rFire    + . .     SeeInvis +   s - +3 spear (vamp)
rCold    . . .     Gourm    .   k - +1 kite shield
rNeg     . . .     Faith    .   A - +2 ring mail {rPois}
rPois    +         Spirit   .   j - +1 hat {SInv}
rElec    .         Reflect  .   u - +1 cloak
rCorr    .         Harm     .   N - +1 pair of gloves
MR       .....                  (no boots)
Stlth    ++++......             g - amulet of Trepidation {rPois rC+ Regen+ Int+2}
HPRegen  0.67/turn              D - +6 ring of dexterity
MPRegen  0.19/turn              l - ring of fire

@: about to teleport, hasted, very quick
A: distributed training, fangs 1, strong nose
a: Potion Petition, Call Merchant, Bribe Branch, Renounce Religion


You were on level 13 of the Dungeon.
You worshipped Gozag.
Gozag was most pleased with you.
You were not hungry.

You visited 2 branches of the dungeon, and saw 14 of its levels.

You collected 3101 gold pieces.
You spent 853 gold pieces at shops.
You paid 681 gold pieces to Gozag.

Inventory:

Hand Weapons
 a - a +2 dagger of venom
 d - the +1 spear of the Twelve Artists {freeze, SInv}
   (You found it on level 9 of the Dungeon)

   It has been specially enchanted to freeze those struck by it, causing extra
   injury to most foes and up to half again as much damage against particularly
   susceptible opponents.
   It can also slow down cold-blooded creatures.
   It lets you see invisible.
 e - a +5 hunting sling of freezing
 s - a +3 vampiric spear (weapon)
 w - a +3 hand crossbow
 F - a +1 long sword of flaming
 H - a +2 falchion of holy wrath
Missiles
 b - 58 bolts
 h - 120 sling bullets
 p - 33 poisoned darts
 r - a boomerang
 z - 7 javelins
 K - 2 curare-tipped darts (quivered)
Armour
 j - a +1 hat of see invisible (worn)
 k - a +1 kite shield (worn)
 u - a +1 cloak (worn)
 x - the cursed +1 scale mail of the Armoured One {Regen+}
   (You took it off an orc on level 11 of the Dungeon)

   It increases your rate of regeneration.
   It has a curse placed upon it.
 A - a +2 ring mail of poison resistance (worn)
 N - a +1 pair of gloves (worn)
Jewellery
 g - the amulet of Trepidation (around neck) {rPois rC+ Regen+ Int+2}
   (You bought it in a shop on level 9 of the Dungeon)

   [amulet of regeneration]

   It affects your intelligence (+2).
   It protects you from cold.
   It protects you from poison.
   It increases your rate of regeneration.
 l - a ring of fire (right hand)
 y - an uncursed ring of ice
 B - an uncursed amulet of guardian spirit
 D - a +6 ring of dexterity (left hand)
 L - the ring "Qudugov" {MP+9 Int+6 Slay+2}
   (You took it off a centaur warrior on level 12 of the Dungeon)

   [ring of magical power]

   It affects your intelligence (+6).
   It affects your accuracy and damage with ranged weapons and melee attacks
   (+2).
   It affects your magic capacity (+9).
Wands
 O - a wand of flame (19)
 P - a wand of digging (2)
Scrolls
 n - 2 scrolls of identify
 o - 2 scrolls of teleportation
 v - 2 scrolls of blinking
 I - 4 scrolls of remove curse
 J - 2 scrolls of immolation
Potions
 c - 3 potions of curing
 i - a potion of lignification
 m - 4 potions of flight
 t - 2 potions of ambrosia
 G - 2 potions of cancellation
 M - a potion of mutation
Comestibles
 f - 12 rations


   Skills:
 + Level 10.5 Fighting
 + Level 8.3 Short Blades
 + Level 8.3 Long Blades
 + Level 8.3 Axes
 + Level 8.3 Maces & Flails
 + Level 8.3 Polearms
 + Level 9.5 Staves
 + Level 8.3 Slings
 + Level 8.3 Bows
 + Level 8.7 Crossbows
 + Level 8.3 Throwing
 + Level 8.7 Armour
 + Level 8.7 Dodging
 + Level 8.6 Stealth
 + Level 8.3 Shields
 + Level 8.3 Unarmed Combat
 + Level 8.3 Spellcasting
 + Level 6.9 Conjurations
 + Level 6.9 Hexes
 + Level 6.9 Charms
 + Level 6.9 Summonings
 + Level 6.9 Necromancy
 + Level 6.9 Translocations
 + Level 6.9 Transmutations
 + Level 6.9 Fire Magic
 + Level 6.9 Ice Magic
 + Level 6.9 Air Magic
 + Level 6.9 Earth Magic
 + Level 6.9 Poison Magic
 + Level 9.0 Invocations
 + Level 8.7 Evocations


You had 26 spell levels left.
You knew the following spells:

 Your Spells              Type           Power        Failure   Level  Hunger
a - Shroud of Golubria    Chrm/Tloc      ####..       3%          2    None

Your spell library contained the following spells:

 Spells                   Type           Power        Failure   Level  Hunger
 Infusion                 Chrm           ####         2%          1    None
 Song of Slaying          Chrm           ####....     3%          2    None
 Ozocubu's Armour         Chrm/Ice       ####....     8%          3    #......
 Spectral Weapon          Hex/Chrm       ####....     8%          3    #......


Dungeon Overview and Level Annotations

Branches:
Dungeon (13/15)            Temple (1/1) D:5            Lair (0/6) D:11
    Orc (0/2) D:12
 Vaults: D:13-14

Altars:
Ashenzari
Cheibriados
Elyvilon
Gozag
Hepliaklqana
Kikubaaqudgha
Makhleb
Nemelex Xobeh
Okawaru
Ru
Uskayaw
Yredelemnul

Shops:
D:5 *   D:9 =   D:12 (


Innate Abilities, Weirdness & Mutations

Your experience applies equally to all skills.
You have very sharp teeth.
Your uncanny sense of smell can sniff out nearby items.


Message History

* * * LOW HITPOINT WARNING * * *
x2 The centaur warrior unwields a +1 vorpal scimitar.
The centaur warrior wields a +0 shortbow.
The centaur warrior shoots an arrow.
The arrow hits you!
* * * LOW HITPOINT WARNING * * *
You see here an arrow.
Evoke which item? (* to show all) (? for menu, Esc to quit)
Okay, then.
As you read the scroll of fear, it crumbles to dust.
You assume a fearsome visage.
The centaur warrior resists with some effort.
The centaur warrior looks frightened!
The centaur warrior is no longer distracted by gold.
As you read the scroll of teleportation, it crumbles to dust.
You feel strangely unstable.
The centaur warrior shoots an arrow.
The arrow misses you.
The centaur warrior shoots an arrow.
You block the arrow.
The centaur warrior shoots an arrow.
The arrow hits you!
You die...
Your body crumbles into a pile of gold.

.#..#$#$##.cc ..
....$.$.$.##.}... #.
.....$#$...##... #. #.
............##.##... ..
....#####....#.#...# .#
...#.....#....#...? .. $
..#..###..#..##..#####.###
..#.#...#.#..##..........
..#.#.#.#.#.....@#####.#####.
..#.#...#.#...##(..(cR...c...
..#..###..#...##.#####.#####.
...#.....#........[.......∆
....#####..........###.###
......................).
........................
...........#######...c...
.....#...#.. ....#...


You could see a centaur warrior and an efreet.

Vanquished Creatures
  Gastronok (D:10)
  Snorg (D:12)
  Josephine (D:11)
  A catoblepas (D:12)
  3 centaur warriors (D:12)
  3 two-headed ogres
  A tengu warrior (D:12)
  An ogre mage (D:13)
  Sonja (D:12)
  An unseen horror (D:10)
  A wizard (D:12)
  Pikel (D:4)
  A wolf spider (D:12)
  3 ugly things (D:12)
  9 deep elf magi
  2 cyclopes
  A gargoyle (D:12)
  A yaktaur (D:12)
  A komodo dragon (D:11)
  A redback zombie (D:13)
  A queen bee (D:9)
  3 trolls
  2 hippogriffs
  A spriggan (D:9)
  5 wraiths
  A wyvern (D:9)
  A shadow (D:12)
  7 yaks
  2 hungry ghosts (D:9)
  2 vampire mosquitoes (D:12)
  Grum (D:7)
  Menkaure (D:6)
  A two-headed ogre zombie (D:12)
  4 porcupines (D:11)
  A water moccasin (D:11)
  4 phantoms
  5 orc warriors
  3 ice beasts
  A black bear (D:9)
  A necrophage (D:8)
  2 slaves
  2 sky beasts
  3 wolves
  7 ogres
  15 centaurs
  4 crocodiles
  3 big kobolds
  8 bullfrogs
  A gnoll sergeant (D:8)
  8 scorpions
  20 killer bees
  A troll zombie (D:12)
  A howler monkey (D:10)
  An electric eel (D:11)
  6 crimson imps
  A bullfrog zombie (D:13)
  2 quasits
  4 centaur skeletons
  2 centaur zombies
  6 jellies
  13 orc priests
  5 hounds
  5 bullfrog skeletons
  Ijyb (D:5)
  13 orc wizards
  15 worker ants
  6 ogre zombies (D:12)
  11 gnolls
  7 adders
  A shadow imp (D:9)
  An adder skeleton (D:5)
  An adder zombie (D:7)
  2 dart slugs (D:2)
  3 worms
  3 leopard geckos
  63 orcs
  2 giant cockroaches
  13 goblins
  8 hobgoblins
  6 jackals
  4 quokkas
  2 ball pythons
  6 bats
  3 frilled lizards
  2 goblin skeletons (D:12)
  2 goblin zombies (D:12)
  A hobgoblin skeleton (D:12)
  A hobgoblin zombie (D:12)
  26 kobolds
  A leopard gecko zombie (D:8)
  3 orc skeletons (D:12)
  16 orc zombies (D:12)
  A quokka zombie (D:7)
  9 rats
  A fungus (D:11)
436 creatures vanquished.

Vanquished Creatures (others)
  A wraith (D:11)
  A killer bee (D:11)
  An orc wizard (D:5)
3 creatures vanquished.

Grand Total: 439 creatures vanquished

Notes
Turn   | Place    | Note
-------+----------+-------------------------------------------
     0 | D:1      | Chiseanne the Gnoll Wanderer began the quest for the Orb.
     0 | D:1      | Chiseanne set off with the following items: a +2 hand
                  | crossbow, 26 bolts, a potion of curing, a +0 quarterstaff,
                  | a +0 robe, a ration
     0 | D:1      | Reached XP level 1. HP: 23/23 MP: 2/2
   122 | D:1      | Reached XP level 2. HP: 18/29 MP: 3/3
   702 | D:1      | Reached XP level 3. HP: 35/35 MP: 4/4
   807 | D:2      | Found a hide-covered altar of Uskayaw.
   810 | D:2      | Noticed a +0 hand axe
   810 | D:2      | Noticed a -3 hand axe
   846 | D:2      | Reached skill level 1 in Short Blades
   846 | D:2      | Reached skill level 1 in Long Blades
   846 | D:2      | Reached skill level 1 in Axes
   846 | D:2      | Reached skill level 1 in Maces & Flails
   846 | D:2      | Reached skill level 1 in Polearms
   846 | D:2      | Reached skill level 1 in Slings
   846 | D:2      | Reached skill level 1 in Bows
   846 | D:2      | Reached skill level 1 in Throwing
   846 | D:2      | Reached skill level 1 in Shields
   846 | D:2      | Reached skill level 1 in Unarmed Combat
   846 | D:2      | Reached skill level 1 in Spellcasting
   846 | D:2      | Reached skill level 1 in Invocations
   846 | D:2      | Reached XP level 4. HP: 28/41 MP: 4/6
  1293 | D:3      | Reached skill level 1 in Conjurations
  1293 | D:3      | Reached skill level 1 in Hexes
  1293 | D:3      | Reached skill level 1 in Charms
  1293 | D:3      | Reached skill level 1 in Summonings
  1293 | D:3      | Reached skill level 1 in Necromancy
  1293 | D:3      | Reached skill level 1 in Translocations
  1293 | D:3      | Reached skill level 1 in Transmutations
  1293 | D:3      | Reached skill level 1 in Fire Magic
  1293 | D:3      | Reached skill level 1 in Ice Magic
  1293 | D:3      | Reached skill level 1 in Air Magic
  1293 | D:3      | Reached skill level 1 in Earth Magic
  1293 | D:3      | Reached skill level 1 in Poison Magic
  1305 | D:3      | Noticed a phantom
  1319 | D:3      | Killed a phantom
  1319 | D:3      | Reached XP level 5. HP: 43/47 MP: 7/7
  1420 | D:3      | Found a shattered altar of Ashenzari.
  1864 | D:3      | Noticed an ogre
  1873 | D:3      | Reached XP level 6. HP: 53/53 MP: 8/8
  1882 | D:3      | Reached skill level 5 in Staves
  2057 | D:4      | Found a hazy altar of Hepliaklqana.
  2371 | D:4      | Reached XP level 7. HP: 45/59 MP: 10/10
  2529 | D:4      | Reached skill level 7 in Fighting
  2859 | D:4      | Noticed Pikel
  2863 | D:4      | Killed Pikel
  2863 | D:4      | Reached XP level 8. HP: 19/67 MP: 10/12
  3427 | D:5      | Entered Level 5 of the Dungeon
  3427 | D:5      | Found Faarracou's Assorted Antiques.
  3803 | D:5      | Reached XP level 9. HP: 68/72 MP: 14/14
  4020 | D:5      | Found a staircase to the Ecumenical Temple.
  4031 | Temple   | Entered the Ecumenical Temple
  4076 | Temple   | Became a worshipper of Gozag Ym Sagoz the Greedy
  4097 | D:5      | Noticed Ijyb
  4183 | D:5      | Killed Ijyb
  4359 | D:6      | Noticed Menkaure
  4365 | D:6      | Killed Menkaure
  4696 | D:7      | Reached skill level 5 in Crossbows
  4696 | D:7      | Reached skill level 5 in Armour
  4696 | D:7      | Reached skill level 5 in Dodging
  4696 | D:7      | Reached skill level 5 in Evocations
  4733 | D:7      | Found a hide-covered altar of Uskayaw.
  4927 | D:7      | Reached skill level 5 in Stealth
  5475 | D:7      | Reached skill level 8 in Fighting
  5533 | D:7      | Learned a level 2 spell: Shroud of Golubria
  5575 | D:8      | Noticed Grum
  5607 | D:7      | Reached skill level 5 in Invocations
  5694 | D:7      | Killed Grum
  5797 | D:8      | Reached XP level 10. HP: 63/80 MP: 15/17
  6101 | D:8      | Noticed a two-headed ogre
  6113 | D:8      | Killed a two-headed ogre
  6113 | D:8      | Reached skill level 5 in Short Blades
  6113 | D:8      | Reached skill level 5 in Long Blades
  6113 | D:8      | Reached skill level 5 in Axes
  6113 | D:8      | Reached skill level 5 in Maces & Flails
  6113 | D:8      | Reached skill level 5 in Polearms
  6113 | D:8      | Reached skill level 5 in Slings
  6113 | D:8      | Reached skill level 5 in Bows
  6113 | D:8      | Reached skill level 5 in Throwing
  6113 | D:8      | Reached skill level 5 in Shields
  6113 | D:8      | Reached skill level 5 in Unarmed Combat
  6113 | D:8      | Reached skill level 5 in Spellcasting
  7147 | D:9      | Got a dazzling spear
  7155 | D:9      | Identified the cursed +1 spear of the Twelve Artists
                  | {freeze, SInv} (You found it on level 9 of the Dungeon)
  7157 | D:9      | Bought a cursed ring of attention for 67 gold pieces
  7764 | D:9      | Found a snail-covered altar of Cheibriados.
  8246 | D:9      | Reached XP level 11. HP: 71/87 MP: 19/19
  8588 | D:10     | Entered Level 10 of the Dungeon
  8889 | D:10     | Noticed an unseen horror
  8908 | D:10     | Killed an unseen horror
  8908 | D:10     | Reached skill level 9 in Fighting
  9259 | D:10     | Reached skill level 5 in Conjurations
  9259 | D:10     | Reached skill level 5 in Hexes
  9259 | D:10     | Reached skill level 5 in Charms
  9259 | D:10     | Reached skill level 5 in Summonings
  9259 | D:10     | Reached skill level 5 in Necromancy
  9259 | D:10     | Reached skill level 5 in Translocations
  9259 | D:10     | Reached skill level 5 in Transmutations
  9259 | D:10     | Reached skill level 5 in Fire Magic
  9259 | D:10     | Reached skill level 5 in Ice Magic
  9259 | D:10     | Reached skill level 5 in Air Magic
  9259 | D:10     | Reached skill level 5 in Earth Magic
  9259 | D:10     | Reached skill level 5 in Poison Magic
  9521 | D:9      | Bought the amulet of Trepidation {rPois rC+ Regen+ Int+2}
                  | for 786 gold pieces
  9656 | D:10     | Noticed Gastronok
  9753 | D:10     | Killed Gastronok
 10493 | D:11     | Noticed Josephine
 10591 | D:11     | Found a staircase to the Lair.
 10850 | D:11     | Noticed a deep elf mage
 10854 | D:11     | Noticed a deep elf mage
 10855 | D:11     | Noticed a deep elf mage
 10857 | D:11     | Noticed a deep elf mage
 10857 | D:11     | Noticed a deep elf mage
 10876 | D:11     | Killed a deep elf mage
 10877 | D:11     | Noticed a deep elf mage
 10880 | D:11     | Killed a deep elf mage
 10880 | D:11     | Reached XP level 12. HP: 62/96 MP: 20/22
 11309 | D:11     | Identified the cursed +1 scale mail of the Armoured One
                  | {Regen+}
 11310 | D:11     | Noticed a two-headed ogre
 11342 | D:11     | Killed a two-headed ogre
 11440 | D:11     | Killed Josephine
 11772 | D:11     | Found a sparkling altar of Nemelex Xobeh.
 12351 | D:12     | Noticed Snorg
 12392 | D:12     | Found Rejevag's Weapon Emporium.
 12405 | D:12     | Noticed Sonja
 12472 | D:12     | Found a staircase to the Orcish Mines.
 12691 | D:12     | Killed Sonja
 12691 | D:12     | Reached skill level 10 in Fighting
 13023 | D:12     | Noticed a two-headed ogre
 13034 | D:12     | Noticed a centaur warrior
 13091 | D:12     | Killed a centaur warrior
 13108 | D:12     | Killed a two-headed ogre
 13108 | D:12     | Reached XP level 13. HP: 86/103 MP: 24/24
 13134 | D:12     | Identified the +1 hand axe of Defenestration {freeze, *Slow
                  | rC+ Int+4}
 13476 | D:12     | Killed Snorg
 13713 | D:13     | Identified the ring "Qudugov" {MP+9 Int+6 Slay+2}
 14580 | D:13     | Identified the +3 troll leather armour of the Ego {rPois
                  | rN++ Regen+ Dex+4}
 14663 | D:13     | Shot with an arrow by a centaur warrior

Illustrated notes

Levels and vault maps discovered:
D:1:      dpeg_arrival_tiny_d, layout_basic, minmay_misc_feat_cross,
          minmay_misc_feat_more_columns
D:2:      layout_loops_corners, grunt_temple_overflow_diamond,
          dancing_weapons_uskayaw, first_ration
D:3:      layout_basic, cheibrodos_ashenzari_chains, minmay_ogre_servants
D:4:      layout_cave_pools, serial_column_ruins, column_ruins_temple_hall,
          column_ruins_columns_straight, column_ruins_grid_1,
          column_ruins_open_tiny, grunt_decor_one_mirror, uniq_pikel
D:5:      layout_cave_pools, minmay_temple_entry_gardened_gates, serial_shops,
          nicolae_shop_window_shopping, uniq_ijyb
D:6:      layout_loops_corners, fedhas_altar_3, uniq_blork_the_orc,
          uniq_menkaure, uniq_maggie
D:7:      layout_basic, basic_altar, hangedman_abyss_or_decor_stabs
D:8:      layout_layer_cave, uniq_grum
D:9:      layout_cave_pools, kennysheep_mini, grunt_pizzeria, minivault_7
D:10:     layout_irregular_city, uniq_gastronok
D:11:     layout_irregular_city, minmay_lair_entry_grove, basic_altar,
          elves_outpost_lemuel, uniq_josephine
D:12:     minmay_blocking_statues, layout_basic, zombieorc2_lemuel,
          serial_shops, shop, uniq_snorg, uniq_sonja
D:13:     minmay_the_grid_octo_tiled_octocenter_mashed
          [minmay_the_grid_octo_chip, minmay_the_grid_octo_concentric,
          minmay_the_grid_octo_teeth, minmay_the_grid_octo_checkerflower,
          minmay_the_grid_octo_prize_star, minmay_the_grid_square_5x5_moneybag,
          minmay_the_grid_square_5x5_intrusive_squares,
          minmay_the_grid_square_5x5_z, minmay_the_grid_square_5x5_forky],
          layout_grid_maze, grunt_vaults_entry_tiered, uniq_kirke
Temple:   eino_temple_scatter_basement

Skill      XL: |  1  2  3  4  5  6  7  8  9 10 11 12 13 |
---------------+----------------------------------------+-----
Short Blades   | 1 2 3 4 5 6 7 8 |  8.3
Long Blades    | 1 2 3 4 5 6 7 8 |  8.3
Axes           | 1 2 3 4 5 6 7 8 |  8.3
Maces & Flails | 1 2 3 4 5 6 7 8 |  8.3
Polearms       | 1 2 3 4 5 6 7 8 |  8.3
Slings         | 1 2 3 4 5 6 7 8 |  8.3
Bows           | 1 2 3 4 5 6 7 8 |  8.3
Throwing       | 1 2 3 4 5 6 7 8 |  8.3
Shields        | 1 2 3 4 5 6 7 8 |  8.3
Unarmed Combat | 1 2 3 4 5 6 7 8 |  8.3
Spellcasting   | 1 2 3 4 5 6 7 8 |  8.3
Invocations    | 1 2 3 4 5 6 7 8 9 |  9.0
Conjurations   | 1 2 3 4 5 6 |  6.9
Hexes          | 1 2 3 4 5 6 |  6.9
Charms         | 1 2 3 4 5 6 |  6.9
Summonings     | 1 2 3 4 5 6 |  6.9
Necromancy     | 1 2 3 4 5 6 |  6.9
Translocations | 1 2 3 4 5 6 |  6.9
Transmutations | 1 2 3 4 5 6 |  6.9
Fire Magic     | 1 2 3 4 5 6 |  6.9
Ice Magic      | 1 2 3 4 5 6 |  6.9
Air Magic      | 1 2 3 4 5 6 |  6.9
Earth Magic    | 1 2 3 4 5 6 |  6.9
Poison Magic   | 1 2 3 4 5 6 |  6.9
Crossbows      | 3 4 5 6 7 8 |  8.7
Armour         | 3 4 5 6 7 8 |  8.7
Dodging        | 3 4 5 6 7 8 |  8.7
Evocations     | 3 4 5 6 7 8 |  8.7
Stealth        | 3 4 5 6 7 8 |  8.6
Staves         | 5 6 7 8 9 |  9.5
Fighting       | 7 8 9 10 | 10.5

Action                   |  1- 3 |  4- 6 |  7- 9 | 10-12 | 13-15 || total
-------------------------+-------+-------+-------+-------+-------++-------
Melee: Quarterstaff      |    13 |    17 |    46 |    34 |       ||   110
       Bite              |     2 |     1 |    28 |   214 |    80 ||   325
       Dagger            |       |       |   152 |   767 |   181 ||  1100
       Punch             |       |       |     5 |    10 |       ||    15
       Spear             |       |       |       |    95 |   161 ||   256
       Falchion          |       |       |       |   156 |    38 ||   194
 Fire: Hand crossbow     |    43 |    66 |   121 |   155 |     3 ||   388
       Hunting sling     |       |       |    11 |       |     6 ||    17
Throw: Stone             |       |       |    13 |     3 |       ||    16
       Dart              |       |       |       |    35 |    20 ||    55
       Boomerang         |       |       |       |    20 |     4 ||    24
 Cast: Shroud of Golubri |       |       |       |       |     1 ||     1
Invok: Call Merchant     |       |       |       |     1 |       ||     1
       Potion Petition   |       |       |       |       |     1 ||     1
Evoke: Wand              |       |     1 |    14 |    29 |     3 ||    47
  Use: Scroll            |       |     5 |    16 |    20 |     4 ||    45
       Potion            |       |       |     1 |     6 |     3 ||    10
 Stab: Distracted        |       |       |     3 |     4 |     4 ||    11
       Paralysed         |       |       |     2 |     7 |       ||     9
       Sleeping          |       |       |     1 |     9 |       ||    10
       Invisible         |       |       |     1 |       |       ||     1
       Petrified         |       |       |       |       |     1 ||     1
  Eat: Chunk             |       |     4 |     6 |       |       ||    10
       Ration            |       |       |     2 |     8 |     2 ||    12
Armor: Robe              |     3 |     2 |       |       |       ||     5
       Ring mail         |       |    17 |    54 |   212 |    77 ||   360
Dodge: Dodged            |     8 |    32 |   133 |   595 |   161 ||   929
Block: Kite shield       |       |       |       |   373 |   208 ||   581
       Rpst.: Falchion   |       |       |       |    18 |     6 ||    24
